 Dungeon Crawl Stone Soup version 0.28.0-45-g0d030f2227 (webtiles) character file.

Game seed: 5208112836613768646

32 pkoi the Gusty (level 2, -1/20 HPs)
             Began as a Demigod Air Elementalist on Apr 5, 2022.
             Slain by a black bear (3 damage)
             ... on level 1 of the Dungeon.
             The game lasted 00:01:30 (1420 turns).

pkoi the Gusty (Demigod Air Elementalist)           Turns: 1420, Time: 00:01:31

Health: -1/20      AC:  2    Str:  9    XL:     2   Next: 96%
Magic:  2/7        EV: 12    Int: 17    God:
Gold:   18         SH:  0    Dex: 14    Spells: 3/4 levels left

rFire   . . .      SeeInvis .   l - +2 short sword (speed)
rCold   . . .      Faith    .   (no shield)
rNeg    . . .      Spirit   .   a - +0 robe
rPois   .          Reflect  .   (no helmet)
rElec   .          Harm     .   (no cloak)
rCorr   .          Rampage  .   (no gloves)
Will    .....                   (no boots)
Stlth   ++........              (no amulet)
HPRegen 0.06/turn               (no ring)
MPRegen 0.10/turn               (no ring)

@: no status effects
A: high MP 1, forlorn, divine attributes
a: no special abilities


You were on level 1 of the Dungeon.
You visited 1 branch of the dungeon, and saw 2 of its levels.

You collected 18 gold pieces.

Inventory:

Hand Weapons
 d - a +0 club
 j - a +0 short sword
 l - a +2 short sword of speed (weapon)
Missiles
 n - 5 poisoned darts
Armour
 a - a +0 robe (worn)
Jewellery
 g - an amulet of the acrobat
Scrolls
 b - a scroll of enchant weapon {unknown}
 c - a scroll of teleportation {unknown}
 e - 2 scrolls of identify {unknown}
 f - 3 scrolls of magic mapping {unknown}
 h - 3 scrolls of amnesia {unknown}
 k - a scroll of blinking {unknown}
Potions
 i - a potion of curing {unknown}
 m - a potion of mutation {unknown}


   Skills:
 - Level 1.7 Dodging
 - Level 1.7 Stealth
 - Level 1.7 Spellcasting
 - Level 0.8 Conjurations
 + Level 3.9 Air Magic


You had 3 spell levels left.
You knew the following spells:

 Your Spells              Type           Power      Damage    Failure   Level
a - Shock                 Conj/Air       36%        1d5       8%          1

Your spell library contained the following spells:

 Spells                   Type           Power      Damage    Failure   Level
 Static Discharge         Conj/Air       9%         N/A       11%         2
 Swiftness                Air            14%        N/A       12%         3
 Airstrike                Air            7%         N/A       36%         4


Dungeon Overview and Level Annotations

Branches:
Dungeon (2/15)


Innate Abilities, Weirdness & Mutations

You have an increased reservoir of magic. (+10% MP)
You shall have no god before yourself.
Your divine heritage dramatically boosts your attributes as you level up.


Message History

The zap hits the gnoll.
The gnoll is moderately wounded.
The zap hits the gnoll.
The gnoll is heavily wounded.
The zap hits the gnoll.
The gnoll is heavily wounded.
The zap hits the gnoll.
The gnoll is moderately wounded.
The gnoll barely misses you.
A gnoll comes into view. It is wielding a +0 club.
The gnoll hits you with a +1 vampiric whip.
The gnoll draws strength from your wounds!
The gnoll hits you from afar with a +0 spear.
* * * LOW HITPOINT WARNING * * *
The black bear bites you.
* * * LOW HITPOINT WARNING * * *
The black bear closely misses you. The black bear claws you.
* * * LOW HITPOINT WARNING * * *
You climb upwards.
There is a stone staircase leading down here.
Unknown command.
Unknown command.
The black bear barely misses you. The black bear misses you.
The black bear barely misses you. The gnoll closely misses you.
Casting: Shock (safe; 8% risk of failure)
Confirm with . or Enter, or press ? or * to list all spells.
Okay, then.
Unknown command.
Casting: Shock (safe; 8% risk of failure)
Confirm with . or Enter, or press ? or * to list all spells.
Aiming: Shock (safe; 8% risk of failure)
Press: ? - help, Shift-Dir - straight line The zap hits the black bear.
The black bear is moderately wounded.
The zap hits the black bear.
The black bear is moderately wounded.
The black bear bites you.
* * * LOW HITPOINT WARNING * * *
The black bear claws you.
You die...

...≈.≈..<≈.≈...≈.≈..##.#
#.#
.#.≈.≈≈≈≈≈.≈≈≈≈≈.≈.....#
#.#
.#......(..........###.#
#.#
............##.#######.#
#.#####
##############.........#
#...... #
###.################ ##
#.# #...####### .# #.#
###.......... .# ###
#@####..>....#####
.####.########
#.hg........>#
[....#.......#
######.......#
......######.# ###....##
......# #.# #....#
.)#...# ##.##### ##.#.##
..##†## ##......# #....#
≈P##.# #.#.#.#.#
##....### .P##.#
#.#.#.#.# #.......###


You could see a black bear and a gnoll.

Vanquished Creatures
  A gnoll (D:1)
  4 endoplasms (D:1)
  A giant cockroach (D:1)
  3 goblins (D:1)
  A hobgoblin (D:1)
  2 jackals (D:1)
  2 bats (D:1)
  A frilled lizard (D:1)
  2 kobolds (D:1)
  4 rats
21 creatures vanquished.

Vanquished Creatures (others)
  2 plants (D:1)
2 creatures vanquished.

Grand Total: 23 creatures vanquished

Notes
Turn   | Place    | Note
-------+----------+-------------------------------------------
     0 | D:1      | pkoi the Demigod Air Elementalist began the quest for the
                  | Orb.
     0 | D:1      | Reached XP level 1. HP: 14/14 MP: 5/5
   297 | D:1      | Reached skill level 3 in Air Magic
   591 | D:1      | Reached XP level 2. HP: 20/20 MP: 0/7
  1405 | D:2      | Noticed a black bear
  1420 | D:1      | Slain by a black bear

Illustrated notes

Levels and vault maps discovered:
D:1:      evilmike_arrival_hilbert_curve, layout_loops_ring,
          ebering_ecumenical_altar_box, serial_bayou_pond_b
D:2:      layout_basic, minmay_hexomino_f4

Skill      XL: |  1 |
---------------+----+-----
Air Magic      | 3 |  3.9
Dodging        | |  1.7
Stealth        | |  1.7
Spellcasting   | |  1.7
Conjurations   | |  0.8

Action                   || total
-------------------------++-------
Melee: Club              ||     4
       Unarmed           ||     4
       Short sword       ||     1
       Punch             ||     1
 Cast: Shock             ||    52
Armor: Robe              ||     4
Dodge: Dodged            ||    13
